 Dungeon Crawl Stone Soup version 0.29.1-1-gd02db6906a (webtiles) character file.

Game seed: 3261370669258942588

17 hawla the Firebug (level 3, 0/26 HPs)
             Began as a Meteoran Fire Elementalist on Oct 11, 2022.
             Slain by a quokka (2 damage)
             ... on level 1 of the Dungeon.
             The game lasted 00:01:05 (185 turns).

hawla the Firebug (Meteoran Fire Elementalist)       Turns: 185, Time: 00:01:06

Health: 0/26       AC:  2    Str:  9    XL:     3   Next: 2%
Magic:  1/8        EV: 12    Int: 18    God:
Gold:   18         SH:  0    Dex: 15    Spells: 5/8 levels left

rFire   . . .      SeeInvis .   (no weapon)
rCold   . . .      Faith    .   (no shield)
rNeg    . . .      Spirit   .   a - +0 robe
rPois   .          Reflect  .   (no helmet)
rElec   .          Harm     .   (no cloak)
rCorr   .          Rampage  .   (no gloves)
Will    .....                   (no boots)
Stlth   +.........              (no amulet)
HPRegen 0.08/turn               (no ring)
MPRegen 0.11/turn               (no ring)

@: glowing
A: sense surroundings 1, otherworldly, glowing, explore regen
a: no special abilities


You were on level 1 of the Dungeon.
You visited 1 branch of the dungeon, and saw 1 of its levels.

You collected 18 gold pieces.

Inventory:

Armour
 a - a +0 robe (worn)
Scrolls
 c - a scroll of identify {unknown}
Potions
 b - a potion of magic


   Skills:
 + Level 2.6 Dodging
 - Level 1.4 Stealth
 + Level 3.2 Spellcasting
 + Level 1.3 Conjurations
 + Level 4.2 Fire Magic


You had 5 spell levels left.
You knew the following spells:

 Your Spells              Type           Power      Damage    Failure   Level
a - Foxfire               Conj/Fire      48%        2x1d6     5%          1
b - Scorch                Fire           36%        2d7       4%          2

Your spell library contained the following spells:

 Spells                   Type           Power      Damage    Failure   Level
 Conjure Flame            Conj/Fire      12%        6-21      16%         3
 Inner Flame              Hex/Fire       10%        N/A       21%         3
 Flame Wave               Conj/Fire      12%        2d6       45%         4


Dungeon Overview and Level Annotations

Branches:
Dungeon (1/15) Zot: 412

Altars:


Innate Abilities, Weirdness & Mutations

You passively map a small area around you.
You are easily found by Zot.
You glow in the dark.
You regain HP and MP as you explore.


Message History

The endoplasm attacks as you move away! The endoplasm barely misses you.
Your magical contamination has completely faded away.
The endoplasm attacks as you move away! The endoplasm completely misses you.
There is an open door here.
The endoplasm attacks as you move away! The endoplasm hits you.
You open the door. The endoplasm hits you.
The endoplasm attacks as you move away! The endoplasm hits you.
There is an open door here.
The endoplasm attacks as you move away! The endoplasm closely misses you.
Sorry, you're not good enough to have a special ability.
Casting: Foxfire (safe; 6% risk of failure)
Confirm with . or Enter, or press ? or * to list all spells.
You conjure some foxfire!
The endoplasm hits you but does no damage.
Casting: Foxfire (safe; 6% risk of failure)
Confirm with . or Enter, or press ? or * to list all spells.
You conjure some foxfire!
The foxfire hits the endoplasm.
The endoplasm is heavily wounded.
The foxfire hits the endoplasm but does no damage.
The endoplasm is heavily wounded.
The quokka bites you but does no damage.
The endoplasm freezes you.
You are frozen.
* * * LOW HITPOINT WARNING * * *
The foxfire hits the endoplasm.
You kill the endoplasm!
The foxfire hits the quokka.
The quokka is heavily wounded.
You have reached level 3!
Your experience leads to an increase in your attributes!
Increase (S)trength, (I)ntelligence, or (D)exterity?
You feel clever. x2; You feel agile. The quokka bites you.
* * * LOW HITPOINT WARNING * * *
The quokka bites you.
* * * LOW HITPOINT WARNING * * *
The quokka attacks as you move away! The quokka closely misses you.
There is a stone staircase leading down here.
The quokka bites you.
You die...

. ##....##.# #......#...~≈.≈~.. .
####......# #####+.#...~.≈.~..
..........### #....#..~)~.~.~.
.......#....######.....#~.~...~.~
......##....)...........~.....~.
......*#####.###........#.....#.
...... #....l.......)#####.#
#####* ####>r###....#... ,## #@##
#######.# #.# .# #..,, ,, , #
#### * * *


You could see a quokka and a frilled lizard.

Vanquished Creatures
  A bat (D:1)
  4 endoplasms (D:1)
  2 hobgoblins (D:1)
  2 ball pythons (D:1)
  A frilled lizard (D:1)
  4 kobolds (D:1)
  2 rats (D:1)
16 creatures vanquished.

Vanquished Creatures (others)
  36 foxfires (D:1)
36 creatures vanquished.

Grand Total: 52 creatures vanquished

Notes
Turn   | Place    | Note
-------+----------+-------------------------------------------
     0 | D:1      | hawla the Meteoran Fire Elementalist began the quest for
                  | the Orb.
     0 | D:1      | Reached XP level 1. HP: 14/14 MP: 5/5
    62 | D:1      | Reached XP level 2. HP: 20/20 MP: 3/6
    65 | D:1      | Learned a level 2 spell: Scorch
    68 | D:1      | Reached skill level 4 in Fire Magic
    85 | D:1      | Found a faded altar of an unknown god.
   181 | D:1      | Reached XP level 3. HP: 6/26 MP: 0/8
   185 | D:1      | Slain by a quokka

Illustrated notes

Levels and vault maps discovered:
D:1:      enne_arrival_octagon_isle, layout_basic, serial_shops,
          nicolae_shop_hallway_plus, shapermc_ecumenical_altar_starsandcircs

Skill      XL: |  1  2 |
---------------+-------+-----
Fire Magic     | 4 |  4.2
Spellcasting   | 3 |  3.2
Dodging        | |  2.6
Stealth        | |  1.4
Conjurations   | |  1.3

Action                   || total
-------------------------++-------
Melee: Unarmed           ||     1
 Cast: Foxfire           ||    22
       Scorch            ||     2
Armor: Robe              ||     3
Dodge: Dodged            ||    10
